 Dungeon Crawl Stone Soup version 0.31-a0-544-gceb718ecc6 (webtiles) character file.

Game seed: 1227091446927303119

1246 LeprechaunX the Changeling (level 8, -4/54 HPs)
             Began as an Octopode Shapeshifter on Aug 16, 2023.
             Slain by an ice beast (11 damage)
             ... on level 6 of the Dungeon.
             The game lasted 00:08:35 (5006 turns).

LeprechaunX the Changeling (Octopode Shapeshifter)  Turns: 5006, Time: 00:08:36

Health: -4/54      AC:  1    Str: 16    XL:     8   Next: 50%
Magic:  9/11       EV: 14    Int: 17    God:
Gold:   229        SH:  0    Dex: 12    Spells: 9/11 levels left

rFire   + .          .
                       - Unarmed
rCold   . . .        (no shield)
rNeg    + . .        (helmet currently unavailable)
rPois   +            (no amulet)
rElec   .            g - +6 ring of intelligence
rCorr   .            n - ring of protection from fire
SInv    .            q - ring of positive energy
Will    .....        u - ring of poison resistance
Stlth   ++           (no ring)
HPRegen 0.29/turn    (no ring)
MPRegen 0.12/turn    (no ring)
                     (no ring)

%: no passive effects
@: beast-form, wereblooded
A: beast (slay +3), almost no armour, amphibious, 8 rings, camouflage 1,
gelatinous body 1, (nimble swimmer 1), tentacles
a: Begin Untransformation


You were on level 6 of the Dungeon.
You were a hulking beast.
You visited 1 branch of the dungeon, and saw 6 of its levels.

You collected 229 gold pieces.

Inventory:

Missiles
 h - 5 javelins
 i - 5 boomerangs (quivered)
 y - 2 throwing nets
Jewellery
 g - a +6 ring of intelligence (left tentacle)
 n - a ring of protection from fire (right tentacle)
 q - a ring of positive energy (on tentacle)
 s - an amulet of faith
 u - a ring of poison resistance (on tentacle)
Talismans
 b - a beast talisman (active)
 c - a flux talisman
 w - a serpent talisman
Wands
 p - a wand of quicksilver (11)
 x - a wand of iceblast (4)
Scrolls
 d - 6 scrolls of identify {unknown}
 l - 6 scrolls of teleportation {unknown}
 m - a scroll of blinking {unknown}
 o - a scroll of revelation {unknown}
 r - a scroll of enchant weapon {unknown}
 t - a scroll of enchant armour {unknown}
 v - 2 scrolls of noise {unknown}
 z - a scroll of amnesia {unknown}
 A - a scroll of silence {unknown}
 B - a scroll of butterflies {unknown}
Potions
 a - 4 potions of lignification
 e - 2 potions of resistance {unknown}
 f - 2 potions of brilliance {unknown}
 j - a potion of haste {unknown}
 k - 3 potions of curing {unknown}


   Skills:
 + Level 4.0 Fighting
 + Level 4.6 Dodging
 + Level 5.0 Unarmed Combat
 - Level 2.0 Spellcasting
 + Level 2.8 Transmutations
 * Level 5.6 Shapeshifting


You had 9 spell levels left.
You knew the following spells:

 Your Spells              Type           Power      Damage    Failure   Level
a - Wereblood             Tmut           11%        N/A       10%         2

Your spell library contained the following spells:

 Spells                   Type           Power      Damage    Failure   Level
 Apportation              Tloc           2%         N/A       19%         1
 Necrotise                Necr           4%         1d4       19%         1
 Summon Small Mammal      Summ           4%         N/A       19%         1
 Cigotuvi's Dreadful Rot  Necr/Pois/Air  2%         N/A       28%         2
 Dispel Undead            Necr           1%         3d6       88%         4
 Irradiate                Conj/Tmut      3%         3d12      97%         5
 Death Channel            Necr           0%         N/A       100%        6


Dungeon Overview and Level Annotations

Branches:
Dungeon (6/15)
 Temple: D:4-7

Altars:
Uskayaw
Yredelemnul

Annotations:
D:2 1 runed translucent door, Crazy Yiuf
D:6 Pikel


Innate Abilities, Weirdness & Mutations

You are a hulking beast.
Your limbs bulge with bestial killing power. (Slay +3)
You cannot wear most types of armour.
You are amphibious.
You can wear up to eight rings at the same time.
Your skin changes colour to match your surroundings (Stealth+).
Your rubbery body absorbs attacks. (AC +1, EV +1)
((You are camouflaged when in or above water. (Stealth+)))
You have tentacles for arms and can constrict up to eight enemies at once.


Message History

An iguana comes into view.
Found 13 gold pieces.
The iguana hisses angrily.
The iguana closely misses you.
You tentacle-slap the iguana. You grab the iguana.
The iguana is moderately wounded.
You constrict the iguana. You bludgeon the iguana!
The iguana is almost dead.
You constrict the iguana. The iguana bites you.
You tentacle-slap the iguana.
You kill the iguana!
A howler monkey comes into view.
You now have 229 gold pieces (gained 13).
An ice beast comes into view.
The helpless howler monkey fails to defend itself.
You tentacle-slap the howler monkey. You grab the howler monkey.
You squeeze the howler monkey.
The howler monkey is heavily wounded.
You constrict the howler monkey. The howler monkey barely misses you.
You tentacle-slap the howler monkey. You squeeze the howler monkey.
You kill the howler monkey!
Your Unarmed Combat skill increases to level 5!
Casting: Wereblood (safe; 10% risk of failure)
Confirm with . or Enter, or press ? or * to list all spells.
Your blood is infused with primal strength.
The ice beast hits you. The ice beast freezes you!
You closely miss the ice beast.
You squeeze the ice beast, but do no damage.
The ice beast hits you. The ice beast freezes you!
You tentacle-slap the ice beast.
The ice beast is lightly wounded.
The ice beast hits you. The ice beast freezes you!
* * * LOW HITPOINT WARNING * * *
You tentacle-slap the ice beast.
The ice beast is lightly wounded.
The ice beast hits you.
* * * LOW HITPOINT WARNING * * *
The ice beast freezes you!
You die...

#..................
.....................
.........#..#........
............#........
####...#....# .......
######..## ##...^.
#...##.......
#.###.#.....#
#....†.hY#
#.......### ##......#
#....... ##....#..
##.###.. .. ... ###
..#


You could see an ice beast.

Vanquished Creatures
  A water moccasin (D:5)
  A sky beast (D:6)
  A black bear (D:5)
  2 ogres
  3 scorpions
  A howler monkey (D:6)
  6 hounds
  2 orc priests (D:5)
  4 jellies (D:5)
  2 iguanas (D:6)
  6 adders
  2 white imps
  2 worms
  2 dart slugs
  15 orcs
  4 bats
  8 endoplasms
  4 giant cockroaches
  8 goblins
  8 hobgoblins
  3 jackals (D:2)
  2 quokkas
  10 ball pythons
  A frilled lizard (D:1)
  6 kobolds
  2 rats (D:3)
  A spectral orc (D:3)
107 creatures vanquished.

Notes
Turn   | Place    | Note
-------+----------+-------------------------------------------
     0 | D:1      | LeprechaunX the Octopode Shapeshifter began the quest for
                  | the Orb.
     0 | D:1      | Reached XP level 1. HP: 13/13 MP: 1/1
   237 | D:1      | Reached XP level 2. HP: 18/18 MP: 2/2
   795 | D:2      | Reached XP level 3. HP: 23/23 MP: 3/3
  1164 | D:2      | Learned a level 2 spell: Wereblood
  1370 | D:2      | Found a runed translucent door.
  1371 | D:2      | Noticed Crazy Yiuf
  1630 | D:3      | Reached XP level 4. HP: 29/29 MP: 5/5
  1816 | D:3      | Found a basalt altar of Yredelemnul.
  2437 | D:4      | Reached skill level 1 in Spellcasting
  2554 | D:4      | Reached skill level 1 in Transmutations
  2562 | D:4      | Reached XP level 5. HP: 16/34 MP: 6/6
  2802 | D:4      | Found a hide-covered altar of Uskayaw.
  3025 | D:4      | Noticed an ogre
  3053 | D:4      | Killed an ogre
  3054 | D:4      | Reached XP level 6. HP: 41/41 MP: 6/8
  3182 | D:5      | Entered Level 5 of the Dungeon
  3426 | D:5      | Noticed a black bear
  3449 | D:5      | Reached XP level 7. HP: 29/45 MP: 7/10
  4221 | D:5      | Reached skill level 5 in Shapeshifting
  4420 | D:6      | Noticed Pikel
  4437 | D:5      | Reached XP level 8. HP: 13/53 MP: 11/11
  5001 | D:6      | Reached skill level 5 in Unarmed Combat
  5006 | D:6      | Slain by an ice beast

Illustrated notes

Levels and vault maps discovered:
D:1:      minmay_arrival_plants_in_alcoves, layout_loops_ring,
          kennysheep_minor_cross
D:2:      layout_basic, chequers_serial_rivers_small_a, uniq_crazy_yiuf_cottage
D:3:      layout_loops_ring, yredelemnul_forgotten_temple_becter,
          item_on_display_a
D:4:      layout_loops_cross, mainiacjoe_overflow_alcove_1, dk_noncrumbling_3,
          corexii_corridor_pit, st_stairs_9
D:5:      layout_layer_cave, st_stairs_3
D:6:      layout_cave_pools, uniq_pikel

Skill      XL: |  1  2  3  4  5  6  7  8 |
---------------+-------------------------+-----
Spellcasting   | 1 2 |  2.0
Fighting       | 2 3 4 |  4.0
Transmutations | 1 2 |  2.8
Dodging        | 3 4 |  4.6
Shapeshifting  | 4 5 |  5.6
Unarmed Combat | 4 5 |  5.0

Action                     |  1- 3 |  4- 6 |  7- 9 || total
---------------------------+-------+-------+-------++-------
  Melee: Unarmed           |    66 |   106 |    64 ||   236
         Constrict         |    17 |    29 |    16 ||    62
         Tentacles         |    14 |    15 |    16 ||    45
         Punch             |     1 |     5 |     3 ||     9
  Throw: Javelin           |       |     3 |       ||     3
         Boomerang         |       |     4 |     4 ||     8
   Cast: Wereblood         |       |     3 |     3 ||     6
  Evoke: Wand              |       |     1 |       ||     1
   Stab: Sleeping          |     8 |     8 |     3 ||    19
 Armour: Skin              |     5 |     7 |     4 ||    16
  Dodge: Dodged            |    27 |    50 |    34 ||   111

Table legend: (Time is in decaauts)
 A = Elapsed time spent in this place.
 B = Non-inter-level travel time spent in this place.
 C = Inter-level travel time spent in this place.
 D = Time resting spent in this place.
 E = Time spent auto-exploring this place.
 F = Levels seen in this place.
 G = Mean time per level.
                   A        B        C        D        E       F      G
               +--------+--------+--------+--------+--------+-----+--------+
         Total |   4991 |   4825 |    166 |    662 |   3219 |   6 |  831.8 |
       Dungeon |   4991 |   4825 |    166 |    662 |   3219 |   6 |  831.8 |
               +--------+--------+--------+--------+--------+-----+--------+

Top non-repeatable levels by time:
     D:5: 1375 daAuts
     D:4: 842 daAuts
     D:3: 817 daAuts
     D:2: 802 daAuts
     D:1: 712 daAuts
     D:6: 442 daAuts
